SAAA
GRYFINDOR BRAVES @ ALLOWAY HALBERDS
08/28/2025
 
TOP OF THE 1ST
Gryfindor Braves batting - Pitching for Alloway Halberds : LHP Carlos Hernández
Pitching: LHP Carlos Hernández
Batting: LHB José Corona 0-0: Called Strike
0-1: Foul Ball, location: 2F
0-2: Ball
1-2: Ground out 4-3 (Groundball, 4)
Batting: RHB Jesús Cisneros 0-0: Swinging Strike
0-1: Fly out, F4 (Line Drive, 34)
Batting: RHB Cole Shaffer 0-0: Ground out 4-3 (Groundball, 4)
Top of the 1st over - 0 run(s), 0 hit(s), 0 error(s), 0 left on base; Gryfindor 0 - Alloway 0
BOTTOM OF THE 1ST
Alloway Halberds batting - Pitching for Gryfindor Braves : LHP Charles Dobson
Pitching: LHP Charles Dobson
Batting: RHB Christovão Galho 0-0: Ball
1-0: Swinging Strike
1-1: Ball
2-1: Ball
3-1: Foul Ball, location: 2F
3-2: Strikes out swinging
Batting: LHB Esteban Casillas 0-0: Called Strike
0-1: Swinging Strike
0-2: Strikes out looking
Batting: RHB Juan Salinas 0-0: Called Strike
0-1: Called Strike
0-2: Fly out, F8 (Flyball, 8RD)
Bottom of the 1st over - 0 run(s), 0 hit(s), 0 error(s), 0 left on base; Gryfindor 0 - Alloway 0
TOP OF THE 2ND
Gryfindor Braves batting - Pitching for Alloway Halberds : LHP Carlos Hernández
Batting: SHB Fernando Sánchez 0-0: Swinging Strike
0-1: Ball
1-1: Ball
2-1: SINGLE (Groundball, 56D)
Batting: LHB Ken Watanabe 0-0: Called Strike
0-1: Swinging Strike
0-2: Strikes out looking
Batting: RHB Turner Coleman 0-0: Swinging Strike
0-1: Ball
1-1: Swinging Strike
1-2: Ball
2-2: SINGLE (Groundball, 56D)
Fernando Sánchez to second
Batting: SHB Emílio Gonzáles 0-0: Called Strike
0-1: Foul Ball, location: 2F
0-2: Ball
1-2: Foul Ball, location: 2F
1-2: Fly out, F6 (Line Drive, 56)
Batting: LHB Chris Thurman 0-0: Ball
1-0: Ground out U3 (Groundball, 3)
Top of the 2nd over - 0 run(s), 2 hit(s), 0 error(s), 2 left on base; Gryfindor 0 - Alloway 0
BOTTOM OF THE 2ND
Alloway Halberds batting - Pitching for Gryfindor Braves : LHP Charles Dobson
Batting: RHB Robbie Young 0-0: SINGLE (Line Drive, 7S)
Batting: RHB Stewart Ralston 0-0: Ball
1-0: Foul Ball, location: 2F
1-1: Grounds into double play, 6-4-3 (Groundball, 6)
Batting: SHB Ron Peterson 0-0: Swinging Strike
0-1: Swinging Strike
0-2: Fly out, F8 (Flyball, 8RS)
Bottom of the 2nd over - 0 run(s), 1 hit(s), 0 error(s), 0 left on base; Gryfindor 0 - Alloway 0
TOP OF THE 3RD
Gryfindor Braves batting - Pitching for Alloway Halberds : LHP Carlos Hernández
Batting: RHB Ernesto Souza 0-0: Called Strike
0-1: Ball
1-1: Ball
2-1: Ball
3-1: Swinging Strike
3-2: Base on Balls
Batting: LHB José Corona 0-0: Called Strike
0-1: Fly out, F3 (Line Drive, 34)
Batting: RHB Jesús Cisneros 0-0: Called Strike
0-1: Ball
1-1: Called Strike
1-2: Ground out 4-3 (Groundball, 34)
Ernesto Souza to second
Batting: RHB Cole Shaffer 0-0: Called Strike
0-1: Ball
1-1: Foul Ball, location: 2F
1-2: Strikes out swinging
Top of the 3rd over - 0 run(s), 0 hit(s), 0 error(s), 1 left on base; Gryfindor 0 - Alloway 0
BOTTOM OF THE 3RD
Alloway Halberds batting - Pitching for Gryfindor Braves : LHP Charles Dobson
Batting: RHB Jorge López 0-0: Ball
1-0: Ball
2-0: Swinging Strike
2-1: Foul Ball, location: 2F
2-2: Ball
3-2: Strikes out swinging
Batting: RHB Alfredo Chávez 0-0: SINGLE (Line Drive, 34)
Batting: RHB Pedro Orozco 0-0: Ball
1-0: Swinging Strike
1-1: Ball
2-1: Foul Ball, location: 2F
2-2: Ball
3-2: Ground out 4-3 (Groundball, 34)
Alfredo Chávez to second
Batting: RHB Christovão Galho 0-0: Ball
1-0: Foul Ball, location: 2F
1-1: Ball
2-1: Foul Ball, location: 2F
2-2: SINGLE (Groundball, 4D)
Alfredo Chávez to third
Runner from 3rd tries for Home, SAFE, throw made home
Batting: LHB Esteban Casillas 0-0: Ball
1-0: Fielders Choice at 2nd, 4-6 (Groundball, 34)
Bottom of the 3rd over - 1 run(s), 2 hit(s), 0 error(s), 0 left on base; Gryfindor 0 - Alloway 1
TOP OF THE 4TH
Gryfindor Braves batting - Pitching for Alloway Halberds : LHP Carlos Hernández
Batting: SHB Fernando Sánchez 0-0: Called Strike
0-1: Ball
1-1: Reached on error, E5 (Groundball, 25)
Batting: LHB Ken Watanabe 0-0: Ball
1-0: Ball
2-0: Foul Ball, location: 2F
2-1: Ball
3-1: Called Strike
3-2: Ground out 4-3 (Groundball, 34)
Fernando Sánchez to third
Batting: RHB Turner Coleman 0-0: Called Strike
0-1: Fly out, F9 (Flyball, 9LM)
Runner from 3rd tags up, SCORES, throw made
Batting: SHB Emílio Gonzáles 0-0: Ground out 6-3 (Groundball, 6)
Top of the 4th over - 1 run(s), 0 hit(s), 1 error(s), 0 left on base; Gryfindor 1 - Alloway 1
BOTTOM OF THE 4TH
Alloway Halberds batting - Pitching for Gryfindor Braves : LHP Charles Dobson
Batting: RHB Juan Salinas 0-0: Ball
1-0: Ball
2-0: Foul Ball, location: 2F
2-1: Ground out 6-3 (Groundball, 6)
Batting: RHB Robbie Young 0-0: Foul Ball, location: 2F
0-1: Called Strike
0-2: Ball
1-2: Ball
2-2: Ground out 4-3 (Groundball, 4M)
Batting: RHB Stewart Ralston 0-0: Called Strike
0-1: Fly out, F4 (Popup, 3D)
Bottom of the 4th over - 0 run(s), 0 hit(s), 0 error(s), 0 left on base; Gryfindor 1 - Alloway 1
TOP OF THE 5TH
Gryfindor Braves batting - Pitching for Alloway Halberds : LHP Carlos Hernández
Batting: LHB Chris Thurman 0-0: Ball
1-0: Swinging Strike
1-1: Ball
2-1: Swinging Strike
2-2: Foul Ball, location: 2F
2-2: Ground out 4-3 (Groundball, 4S)
Batting: RHB Ernesto Souza 0-0: Called Strike
0-1: Ball
1-1: Ball
2-1: Ball
3-1: Base on Balls
Batting: LHB José Corona 0-0: Called Strike
Ernesto Souza steals 2nd base
0-1: Ball
1-1: Foul Ball, location: 2F
1-2: Ball
2-2: Ground out 4-3 (Groundball, 4)
Ernesto Souza to third
Batting: RHB Jesús Cisneros 0-0: Ball
1-0: Ball
2-0: Called Strike
2-1: Ball
3-1: Called Strike
3-2: Ground out 6-3 (Groundball, 6)
Top of the 5th over - 0 run(s), 0 hit(s), 0 error(s), 1 left on base; Gryfindor 1 - Alloway 1
BOTTOM OF THE 5TH
Alloway Halberds batting - Pitching for Gryfindor Braves : LHP Charles Dobson
Batting: SHB Ron Peterson 0-0: Ball
1-0: Called Strike
1-1: Ball
2-1: Called Strike
2-2: Ground out 1-3 (Groundball, P)
Batting: RHB Jorge López 0-0: Foul Ball, location: 2F
0-1: Called Strike
0-2: Strikes out looking
Batting: RHB Alfredo Chávez 0-0: Called Strike
0-1: Foul Ball, location: 2F
0-2: Ball
1-2: Strikes out swinging
Bottom of the 5th over - 0 run(s), 0 hit(s), 0 error(s), 0 left on base; Gryfindor 1 - Alloway 1
TOP OF THE 6TH
Gryfindor Braves batting - Pitching for Alloway Halberds : LHP Carlos Hernández
Batting: RHB Cole Shaffer 0-0: Ground out 5-3 (Groundball, 56S)
Batting: SHB Fernando Sánchez 0-0: Called Strike
0-1: Ball
1-1: Ground out 6-3 (Groundball, 6)
Batting: LHB Ken Watanabe 0-0: Called Strike
0-1: Swinging Strike
0-2: Ball
1-2: SINGLE (Flyball, 7S)
Batting: RHB Turner Coleman 0-0: Ball
1-0: Ball
2-0: Ball
3-0: Called Strike
3-1: Called Strike
3-2: Ground out 6-3 (Groundball, 6S)
Top of the 6th over - 0 run(s), 1 hit(s), 0 error(s), 1 left on base; Gryfindor 1 - Alloway 1
BOTTOM OF THE 6TH
Alloway Halberds batting - Pitching for Gryfindor Braves : LHP Charles Dobson
Batting: RHB Pedro Orozco 0-0: Foul Ball, location: 2F
0-1: Foul Ball, location: 2F
0-2: Ground out 5-3 (Groundball, 56)
Batting: RHB Christovão Galho 0-0: Foul Ball, location: 2F
0-1: Ball
1-1: Foul Ball, location: 2F
1-2: Ball
2-2: Foul Ball, location: 2F
2-2: Strikes out swinging
Batting: LHB Esteban Casillas 0-0: Swinging Strike
0-1: Fly out, F6 (Popup, 6)
Bottom of the 6th over - 0 run(s), 0 hit(s), 0 error(s), 0 left on base; Gryfindor 1 - Alloway 1
TOP OF THE 7TH
Gryfindor Braves batting - Pitching for Alloway Halberds : LHP Carlos Hernández
Batting: SHB Emílio Gonzáles 0-0: Ball
1-0: Ball
2-0: Ball
3-0: Called Strike
3-1: Called Strike
3-2: Foul Ball, location: 2F
3-2: Base on Balls
Batting: LHB Chris Thurman
Pinch Hitting: SHB Arturo Romero 0-0: Sac Bunt - play at first, batter OUT! 2-3
Emílio Gonzáles to second
Batting: RHB Ernesto Souza 0-0: Called Strike
0-1: Ball
1-1: Ball
2-1: Ball
3-1: Base on Balls
Batting: LHB José Corona 0-0: Ball
1-0: Ball
2-0: Ball
3-0: Base on Balls
Emílio Gonzáles to third
Ernesto Souza to second
Batting: RHB Jesús Cisneros 0-0: Ball
1-0: Ball
2-0: Called Strike
2-1: Ball
3-1: Base on Balls
Emílio Gonzáles scores
Ernesto Souza to third
José Corona to second
Pitching: RHP Jim Unknown
Batting: RHB Cole Shaffer 0-0: GRAND SLAM HOME RUN (Flyball, 7D), Distance : 387 ft
Batting: SHB Fernando Sánchez 0-0: Called Strike
0-1: Ball
1-1: SINGLE (Groundball, 4D)
Batting: LHB Ken Watanabe 0-0: Ball
1-0: Ball
2-0: Swinging Strike
2-1: Ball
3-1: Swinging Strike
3-2: Foul Ball, location: 2F
3-2: Foul Ball, location: 2F
3-2: Strikes out swinging
Batting: RHB Turner Coleman 0-0: Called Strike
0-1: Ball
1-1: Fielders Choice at 2nd, 6-4 (Groundball, 56)
Top of the 7th over - 5 run(s), 2 hit(s), 0 error(s), 0 left on base; Gryfindor 6 - Alloway 1
BOTTOM OF THE 7TH
Alloway Halberds batting - Pitching for Gryfindor Braves : LHP Charles Dobson
Now in LF: Micheal Garren
Batting: RHB Juan Salinas 0-0: Ball
1-0: Ball
2-0: Called Strike
2-1: Ball
3-1: Base on Balls
Batting: RHB Robbie Young 0-0: Called Strike
0-1: Ball
1-1: Called Strike
Throwing error on steal attempt, E2
Juan Salinas to third
1-2: Ball
2-2: Foul Ball, location: 2F
2-2: Ball
3-2: Ground out 5-3 (Groundball, 5)
Batting: RHB Stewart Ralston 0-0: Ball
1-0: Called Strike
1-1: Foul Ball, location: 2F
1-2: Reached on error, E5 (Groundball, 56)
Juan Salinas scores
Batting: SHB Ron Peterson 0-0: Ball
1-0: Foul Ball, location: 2F
1-1: Ball
2-1: Ground out 4-3 (Groundball, 4)
Stewart Ralston to third
Batting: RHB Jorge López 0-0: Called Strike
0-1: Ball
1-1: Foul Ball, location: 2F
1-2: Foul Ball, location: 2F
1-2: Ball
2-2: Fly out, F9 (Flyball, 9)
Bottom of the 7th over - 1 run(s), 0 hit(s), 2 error(s), 1 left on base; Gryfindor 6 - Alloway 2
TOP OF THE 8TH
Gryfindor Braves batting - Pitching for Alloway Halberds : RHP Jim Unknown
Batting: SHB Emílio Gonzáles 0-0: Called Strike
0-1: Ball
1-1: Ball
2-1: Fly out, F9 (Flyball, 9S)
Batting: LHB Micheal Garren 0-0: Fly out, F7 (Flyball, 7S)
Batting: RHB Ernesto Souza 0-0: Called Strike
0-1: Called Strike
0-2: Foul Ball, location: 2F
0-2: Ball
1-2: Ball
2-2: Foul Ball, location: 2F
2-2: Strikes out swinging
Top of the 8th over - 0 run(s), 0 hit(s), 0 error(s), 0 left on base; Gryfindor 6 - Alloway 2
BOTTOM OF THE 8TH
Alloway Halberds batting - Pitching for Gryfindor Braves : LHP Charles Dobson
Pitching: RHP Jim Unknown
Batting: RHB Alfredo Chávez 0-0: Ball
1-0: Called Strike
1-1: Ball
2-1: Swinging Strike
2-2: Foul Ball, location: 2F
2-2: Strikes out looking
Batting: RHB Pedro Orozco 0-0: Foul Ball, location: 2F
0-1: Called Strike
0-2: Ball
1-2: SINGLE (Line Drive, 89S)
Batting: RHB Christovão Galho 0-0: Ball
1-0: Ball
2-0: Swinging Strike
2-1: Called Strike
2-2: Foul Ball, location: 2F
2-2: Ball
3-2: Strikes out looking
Batting: LHB Esteban Casillas 0-0: Called Strike
0-1: Ball
1-1: Foul Ball, location: 2F
1-2: Foul Ball, location: 2F
1-2: Ball
2-2: Foul Ball, location: 2F
2-2: SINGLE (Groundball, 34D)
Pedro Orozco to second
Runner from 2nd tries for 3rd, SAFE, throw made to third
Pitching: LHP Dorian Daly
Pinch Runner at 3rd Curt Finley:
Batting: RHB Juan Salinas 0-0: Ball
1-0: Called Strike
1-1: Ball
2-1: Ball
3-1: Fly out, F5 (Popup, 5D)
Bottom of the 8th over - 0 run(s), 2 hit(s), 0 error(s), 2 left on base; Gryfindor 6 - Alloway 2
TOP OF THE 9TH
Gryfindor Braves batting - Pitching for Alloway Halberds : RHP Jim Unknown
Pitching: LHP Jim Unknown
Batting: LHB José Corona 0-0: Foul Ball, location: 2F
0-1: Called Strike
0-2: Ball
1-2: Fly out, F8 (Flyball, 8LM)
Batting: RHB Jesús Cisneros 0-0: Ball
1-0: Ball
2-0: Called Strike
2-1: Called Strike
2-2: Strikes out looking
Batting: RHB Cole Shaffer 0-0: Fly out, F4 (Popup, 4S)
Top of the 9th over - 0 run(s), 0 hit(s), 0 error(s), 0 left on base; Gryfindor 6 - Alloway 2
BOTTOM OF THE 9TH
Alloway Halberds batting - Pitching for Gryfindor Braves : LHP Dorian Daly
Pitching: RHP Juan Cantú
Batting: RHB Robbie Young 0-0: Ball
1-0: Foul Ball, location: 2F
1-1: Called Strike
1-2: Ball
2-2: Strikes out swinging
Batting: RHB Stewart Ralston 0-0: Swinging Strike
0-1: Ball
1-1: Swinging Strike
1-2: Foul Ball, location: 2F
1-2: Strikes out swinging
Batting: SHB Ron Peterson 0-0: Swinging Strike
0-1: Foul Ball, location: 2F
0-2: Foul Ball, location: 2F
0-2: Ball
1-2: Foul Ball, location: 2F
1-2: SINGLE (Line Drive, 8LS)
Batting: RHB Jorge López 0-0: Swinging Strike
0-1: Called Strike
0-2: Strikes out swinging
Bottom of the 9th over - 0 run(s), 1 hit(s), 0 error(s), 1 left on base; Gryfindor 6 - Alloway 2
Friday, December 30th, 2016 - OOTP Baseball 17.12 Build 75